 Dungeon Crawl Stone Soup version 0.27.1-2-g3b301248ec (webtiles) character file.

Game seed: 16910223495023026430

816 styxcanada the Covert (level 7, 0/35 HPs)
             Began as a Spriggan Brigand on Sept 29, 2021.
             Slain by a black bear (11 damage)
             ... on level 5 of the Dungeon on Sept 30, 2021.
             The game lasted 00:26:30 (6810 turns).

styxcanada the Covert (Spriggan Brigand)            Turns: 6810, Time: 00:26:30

Health: 0/35       AC:  3    Str:  7    XL:     7   Next: 62%
Magic:  11/11      EV: 19    Int: 12    God:
Gold:   144        SH:  0    Dex: 19    Spells: 3/10 levels left

rFire    . . .     SeeInvis +   k - +1 dagger (venom)
rCold    . . .     Faith    .   (shield restricted)
rNeg     . . .     Spirit   .   b - +0 robe
rPois    .         Reflect  .   (helmet restricted)
rElec    .         Harm     .   c - +0 cloak
rCorr    .         Rampage  .   (gloves unavailable)
Will     +....                  (boots unavailable)
Stlth    ++++......             f - amulet of the acrobat
HPRegen  0.11/turn              (no ring)
MPRegen  0.12/turn              (no ring)

@: very quick
A: very small, no large weapons, unfitting armour, see invisible, speed 3
a: no special abilities


You were on level 5 of the Dungeon.
You visited 1 branch of the dungeon, and saw 5 of its levels.
You also visited: Sewer.

You collected 144 gold pieces.

Inventory:

Hand Weapons
 a - a +2 dagger
 d - a +4 quarterstaff of chaos
 k - a +1 dagger of venom (weapon)
 m - a +2 dagger of holy wrath
Missiles
 e - 33 sling bullets
 g - 125 stones
 j - 2 curare-tipped darts
 p - 15 poisoned darts (quivered)
 q - a throwing net
Armour
 b - a +0 robe (worn)
 c - a +0 cloak (worn)
Jewellery
 f - an amulet of the acrobat (around neck)
Scrolls
 h - 2 scrolls of teleportation
 r - 4 scrolls of amnesia
 s - 2 scrolls of fear
Potions
 i - a potion of haste
 l - a potion of heal wounds {unknown}
 n - 2 potions of curing
 o - a potion of berserk rage {unknown}
 t - a potion of experience {unknown}
 u - a potion of lignification {unknown}
 v - a potion of cancellation {unknown}
 w - 3 potions of invisibility
 x - a potion of resistance {unknown}
 z - a potion of magic {unknown}
 A - 2 potions of mutation {unknown}
 B - 2 potions of might {unknown}


   Skills:
 * Level 2.7 Fighting
 + Level 3.9 Short Blades
 + Level 2.9 Throwing
 * Level 4.6 Dodging
 * Level 9.5 Stealth
 * Level 2.3 Spellcasting
 * Level 1.0 Conjurations
 * Level 1.1 Fire Magic
 * Level 1.2 Ice Magic


You had 3 spell levels left.
You knew the following spells:

 Your Spells              Type           Power      Damage    Failure   Level
a - Hailstorm             Conj/Ice       4%         3d4       86%         4
b - Conjure Flame         Conj/Fire      4%         6-21      45%         3

Your spell library contained the following spells:

 Spells                   Type           Power      Damage    Failure   Level
 Static Discharge         Conj/Air       2%         N/A       32%         2
 Corpse Rot               Necr/Air       N/A        N/A       36%         2
 Passwall                 Tmut/Erth      0%         N/A       36%         2
 Ignite Poison            Fire/Tmut/Pois 2%         N/A       56%         3
 Swiftness                Air            1%         N/A       61%         3
 Sticky Flame             Conj/Fire      4%         2d3       86%         4
 Ice Form                 Ice/Tmut       2%         N/A       90%         4
 Dispel Undead            Necr           1%         3d6       95%         4
 Death Channel            Necr           0%         N/A       100%        6
 Invisibility             Hex            0%         N/A       100%        6
 Simulacrum               Ice/Necr       1%         N/A       100%        6


Dungeon Overview and Level Annotations

Branches:
Dungeon (5/15)              Sewer (visited)
 Temple: D:4-7

Altars:


Innate Abilities, Weirdness & Mutations

You are very small and have problems with some larger weapons.
You are too small for most types of armour.
You have supernaturally acute eyesight. (SInv)
You cover ground extremely quickly. (Speed+++)


Message History

You throw a poisoned dart. The poisoned dart hits the black bear!
The black bear looks even sicker.
The black bear is lightly wounded.
Throw: 16 darts (poison)
Press: ? - help, Q - select action, (/) - cycle Shift-Dir - straight line, f/p - black bear
Aim: a black bear (heavily wounded, very poisoned, 70% to hit)
You throw a poisoned dart.
The poisoned dart barely misses the black bear.
You hit the black bear but do no damage.
The black bear looks as sick as possible!
The black bear is severely wounded.
The black bear completely misses you.
The black bear claws you but does no damage.
The black bear claws you.
You barely miss the black bear.
The black bear is severely wounded.
You hit the black bear but do no damage.
The black bear looks as sick as possible!
The black bear is severely wounded.
The black bear bites you. The black bear barely misses you.
The black bear claws you.
You hit the black bear but do no damage.
The black bear looks as sick as possible!
The black bear is severely wounded.
The black bear goes berserk!
You hit the black bear but do no damage.
The black bear is severely wounded.
The black bear bites you. The black bear completely misses you.
The black bear closely misses you.
You barely miss the black bear.
The black bear is almost dead.
The black bear bites you!
The black bear claws you but does no damage.
The black bear misses you.
You hit the black bear.
The black bear looks as sick as possible!
The black bear is almost dead.
The black bear completely misses you. The black bear closely misses you.
The black bear claws you. The black bear bites you!
You die...

#.# ###.# #.# #.#
#.# #.# #.# #.#
#.# ##.######.#
..# #.....[....
########..######.#
..........# #.#
####......# #.#
#.###.#######@#
##.###?# #...h.#
#......# #(#####
#..###.# #.# #..
#†# #.# #..
#.###(# #.(...#
#..#### ..(..#


You could see a black bear (berserk, extremely poisoned).

Vanquished Creatures
  2 necrophages
  An ogre (D:4)
  A kobold brigand (Sewer)
  A hound (D:5)
  A centaur skeleton (D:4)
  An orc priest (D:4)
  Crazy Yiuf (D:2)
  Jessica (D:2)
  2 iguanas
  A hound zombie (D:5)
  7 adders
  7 gnolls
  2 river rats (Sewer)
  An adder skeleton (D:4)
  A worm (D:4)
  4 dart slugs
  4 orcs
  8 endoplasms
  7 giant cockroaches
  8 hobgoblins
  3 quokkas
  13 ball pythons
  6 bats
  5 frilled lizards
  7 goblins
  20 kobolds
  25 rats
140 creatures vanquished.

Notes
Turn   | Place    | Note
-------+----------+-------------------------------------------
     0 | D:1      | styxcanada the Spriggan Brigand began the quest for the
                  | Orb.
     0 | D:1      | Reached XP level 1. HP: 10/10 MP: 2/2
    71 | D:1      | Reached skill level 6 in Stealth
   302 | D:1      | Found a faded altar of an unknown god.
   336 | D:1      | Reached XP level 2. HP: 8/14 MP: 3/3
   966 | D:1      | Reached XP level 3. HP: 18/18 MP: 4/4
  1556 | D:2      | Reached skill level 7 in Stealth
  2043 | D:2      | Noticed Jessica
  2059 | D:2      | Killed Jessica
  2060 | D:2      | Reached XP level 4. HP: 7/23 MP: 5/5
  2826 | D:2      | Found a runed translucent door.
  2827 | D:2      | Noticed Crazy Yiuf
  2847 | D:2      | HP: 1/23 [Crazy Yiuf (3)]
  2864 | D:2      | Killed Crazy Yiuf
  3443 | D:3      | Noticed a necrophage
  3481 | D:3      | Killed a necrophage
  3482 | D:3      | Reached skill level 8 in Stealth
  3482 | D:3      | Reached skill level 1 in Spellcasting
  3482 | D:3      | Reached XP level 5. HP: 7/26 MP: 5/7
  3487 | D:3      | Learned a level 4 spell: Hailstorm
  3885 | D:3      | Reached XP level 6. HP: 21/30 MP: 8/8
  4112 | D:3      | Learned a level 3 spell: Conjure Flame
  4958 | D:4      | Reached skill level 9 in Stealth
  5077 | D:4      | Reached XP level 7. HP: 24/35 MP: 10/10
  5441 | D:4      | Reached skill level 1 in Ice Magic
  5527 | D:5      | Entered Level 5 of the Dungeon
  5625 | D:5      | Found a glowing drain.
  5642 | Sewer    | Entered a sewer
  6022 | Sewer    | Reached skill level 1 in Fire Magic
  6788 | D:5      | Reached skill level 1 in Conjurations
  6810 | D:5      | Slain by a black bear

Illustrated notes

Levels and vault maps discovered:
D:1:      wheals_arrival_shading, layout_rooms, basic_ecumenical_altar
D:2:      layout_loops_corners, uniq_jessica, uniq_crazy_yiuf_cottage
D:3:      layout_loops_ring
D:4:      layout_rooms
D:5:      wander_guarded_unrand_ratskin, layout_loops_ring, portal_sewer_entry_b

Skill      XL: |  1  2  3  4  5  6  7 |
---------------+----------------------+-----
Stealth        | 6 7 8 9 |  9.5
Dodging        | 2 3 4 |  4.6
Fighting       | 2 |  2.7
Spellcasting   | 1 2 |  2.3
Short Blades   | 3 |  3.9
Ice Magic      | 1 |  1.2
Fire Magic     | 1 |  1.1
Conjurations   | 1 |  1.0
Throwing       | |  2.9

Action                   |  1- 3 |  4- 6 |  7- 9 || total
-------------------------+-------+-------+-------++-------
Melee: Dagger            |    91 |   141 |   149 ||   381
Throw: Dart              |    30 |    27 |    10 ||    67
       Stone             |     2 |     4 |     2 ||     8
  Use: Scroll            |     1 |     5 |     4 ||    10
       Potion            |       |     1 |     1 ||     2
 Stab: Sleeping          |    10 |     8 |    11 ||    29
       Distracted        |       |     2 |       ||     2
       Invisible         |       |     6 |       ||     6
Armor: Robe              |     9 |     6 |    26 ||    41
Dodge: Dodged            |    61 |    95 |   164 ||   320
